 Dungeon Crawl Stone Soup version 0.32-a0-913-g739538afd8 (webtiles) character file.

Game seed: 6960481894947296769

121 bronco the Chopper (level 4, -1/38 HPs)
             Began as a Mountain Dwarf Monk on Apr 9, 2024.
             Succumbed to Edmund's poison
             ... on level 4 of the Dungeon.
             The game lasted 00:05:31 (2591 turns).

bronco the Chopper (Mountain Dwarf Monk)            Turns: 2591, Time: 00:05:31

Health: -1/38      AC:  8    Str: 14    XL:     4   Next: 76%
Magic:  4/4        EV:  8    Int: 12    God:
Gold:   927        SH:  0    Dex: 12    Spells: 3/3 levels left

rFire   . . .        j - +2 whip (flame)
rCold   . . .        d - orb {light}
rNeg    . . .        h - +0 scale mail
rPois   .            o - +1 helmet
rElec   .            (no cloak)
rCorr   .            (no gloves)
SInv    .            (no boots)
Will    .....        (no amulet) Stlth
                     (no ring)
HPRegen 0.26/turn    (no ring)
MPRegen 0.09/turn

%: no passive effects
@: lethally poisoned (-1 -> -38), hasted, glowing, very quick
A: runic magic, artefact enchanting
a: no special abilities


You were on level 4 of the Dungeon.
You visited 1 branch of the dungeon, and saw 4 of its levels.

You collected 927 gold pieces.

Inventory:

Hand Weapons
 a - a +0 hand axe
 j - a +2 whip of flaming (weapon)
Missiles
 v - 5 stones
Armour
 b - a +0 robe
 d - an orb of light (worn)
 h - a +0 scale mail (worn)
 m - a +0 ring mail
 o - a +1 helmet (worn)
Wands
 l - a wand of digging (5)
Scrolls
 e - a scroll of teleportation
 w - a scroll of revelation
Potions
 c - a potion of ambrosia
 g - a potion of brilliance {unknown}
 n - a potion of attraction {unknown}


   Skills:
 - Level 3.2 Fighting
 + Level 6.7 Axes
 - Level 2.1 Dodging


You had 3 spell levels left.
You didn't know any spells.
Your spell library was empty.

Dungeon Overview and Level Annotations

Branches:
Dungeon (4/15)             Temple (0/1) D:4

Altars:

Shops:
D:3 :*

Annotations:
D:3 Ijyb
D:4 Edmund


Innate Abilities, Weirdness & Mutations

Your spellcasting is much less encumbered by armour.
You can use scrolls of enchantment on lesser artefacts.


Message History

As you read the scroll labelled FAERRI YQIMUKHLI, it crumbles to dust.
You feel aware of your surroundings.
It was a scroll of revelation.
Edmund says, "Everyone always remembers my brother. 'Who's Edmund?' they ask!"
Edmund looks more healthy.
You hit Edmund. You burn Edmund.
Edmund is moderately wounded.
You hit Edmund but do no damage.
Edmund is moderately wounded.
Edmund hits you but does no damage.
You barely miss Edmund.
Edmund is moderately wounded.
Edmund hits you with a +0 flail of venom.
You hit Edmund. You burn Edmund.
Edmund is moderately wounded.
Edmund hits you but does no damage.
You are poisoned.
You hit Edmund. You burn Edmund.
Edmund is heavily wounded.
You feel very sick.
Edmund hits you with a +0 flail of venom.
You are more poisoned.
You hit Edmund. You burn Edmund.
Edmund is heavily wounded.
You feel very sick.
Edmund hits you with a +0 flail of venom.
You are more poisoned.
You hit Edmund but do no damage.
Edmund is heavily wounded.
You feel very sick. Edmund hits you but does no damage.
You are lethally poisoned!
You hit Edmund. You burn Edmund.
Edmund is heavily wounded.
You feel very sick.
Edmund hits you with a +0 flail of venom!
* * * LOW HITPOINT WARNING * * *
You are more poisoned.
Unknown command.
It was a potion of haste.
You feel yourself speed up.
You die...

####.........###
*,,,
####.........###
*,,,
####.........###
**,>
####.!.......###
*,,
#####.......####
*,,
######.....#####
*,,
######.########
*,, #@# *,, #@#
*,, #.# ***
#.#**************,
#..,,,,,,,,,,,,,,,
#..,,,,,*****,,,*,
#...,,,,,,,,,,,,,,
#...,,,,******,*,,
#....,,,* *,**,
*,******* *,,,,


You could see Edmund.

Vanquished Creatures
  An adder (D:2)
  4 gnolls
  A ribbon worm (D:2)
  5 orcs (D:3)
  8 endoplasms
  2 giant cockroaches (D:1)
  7 goblins
  4 hobgoblins
  4 jackals (D:1)
  5 ball pythons
  8 bats
  4 frilled lizards
  3 kobolds
  6 rats
62 creatures vanquished.

Notes
Turn   | Place    | Note
-------+----------+-------------------------------------------
     0 | D:1      | bronco the Mountain Dwarf Monk began the quest for the Orb.
     0 | D:1      | Reached XP level 1. HP: 19/19 MP: 1/1
    24 | D:1      | Reached skill level 4 in Axes
    85 | D:1      | Reached XP level 2. HP: 20/26 MP: 2/2
   385 | D:1      | Reached skill level 5 in Axes
   472 | D:1      | Reached XP level 3. HP: 31/31 MP: 3/3
   488 | D:1      | Found a faded altar of an unknown god.
  1815 | D:2      | Reached skill level 6 in Axes
  1815 | D:2      | Reached XP level 4. HP: 15/38 MP: 4/4
  2227 | D:3      | Found Vang's Book Shoppe.
  2277 | D:3      | Noticed Ijyb
  2285 | D:3      | Found Kythuwu's General Store.
  2564 | D:3      | Identified a scroll of acquirement
  2564 | D:3      | Acquired 816 gold pieces
  2567 | D:4      | Noticed Edmund
  2591 | D:4      | Succumbed to Edmund's poison

Illustrated notes

Levels and vault maps discovered:
D:1:      giann_bridges, layout_basic, shapermc_ecumenical_altar_acropolis
D:2:      layout_basic
D:3:      minmay_razor_zed, layout_basic,
          mainiacjoe_overflow_concentric_impassable, serial_shops, shop,
          nicolae_shop_behind_doors, nicolae_shop_bloodbath_and_beyond,
          uniq_ijyb
D:4:      layout_rooms, minmay_temple_entry_water_ring, uniq_blork_the_orc,
          uniq_edmund, uniq_grinder

Skill      XL: |  1  2  3 |
---------------+----------+-----
Axes           | 4 5 6 |  6.7
Fighting       | |  3.2
Dodging        | |  2.1

Action                     |  1- 3 |  4- 6 || total
---------------------------+-------+-------++-------
  Melee: Hand axe          |    78 |       ||    78
         Whip              |    33 |    49 ||    82
  Throw: Dart              |     2 |     2 ||     4
    Use: Scroll            |       |     9 ||     9
         Potion            |       |     1 ||     1
 Armour: Robe              |    23 |       ||    23
         Scale mail        |    45 |    46 ||    91
  Dodge: Dodged            |    62 |    19 ||    81

Table legend: (Time is in decaauts)
 A = Elapsed time spent in this place.
 B = Non-inter-level travel time spent in this place.
 C = Inter-level travel time spent in this place.
 D = Time resting spent in this place.
 E = Time spent auto-exploring this place.
 F = Levels seen in this place.
 G = Mean time per level.
                   A        B        C        D        E       F      G
               +--------+--------+--------+--------+--------+-----+--------+
         Total |   2590 |   2508 |     82 |    267 |   1761 |   4 |  647.5 |
       Dungeon |   2590 |   2508 |     82 |    267 |   1761 |   4 |  647.5 |
               +--------+--------+--------+--------+--------+-----+--------+

Top non-repeatable levels by time:
     D:2: 1119 daAuts
     D:1: 733 daAuts
     D:3: 714 daAuts
     D:4: 22 daAuts
